 Dungeon Crawl Stone Soup version 0.29.0-4-gdea44cf6ec (webtiles) character file.

Game seed: 2535287123013860674

44 qw the Chopper (level 3, 0/31 HPs)
             Began as a Minotaur Fighter on Sept 8, 2022.
             Slain by Sigmund
             ... wielding a +0 scythe
              (3 damage)
             ... on level 2 of the Dungeon.
             The game lasted 00:00:36 (1933 turns).

qw the Chopper (Minotaur Fighter)                   Turns: 1933, Time: 00:00:36

Health: 0/31       AC:  6    Str: 22    XL:     3   Next: 41%
Magic:  2/2        EV:  9    Int:  5    God:
Gold:   72         SH:  4    Dex:  9    Spells: 2/2 levels left

rFire   . . .      SeeInvis .   Y - +0 war axe
rCold   + . .      Faith    .   c - +0 buckler
rNeg    . . .      Spirit   .   b - +0 scale mail
rPois   .          Reflect  .   (helmet restricted)
rElec   .          Harm     .   (no cloak)
rCorr   .          Rampage  .   (no gloves)
Will    .....                   (no boots)
Stlth   ..........              (no amulet)
HPRegen 0.10/turn               a - ring of protection from cold
MPRegen 0.08/turn               (no ring)

@: no status effects
A: horns 2, retaliatory headbutt
a: no special abilities


You were on level 2 of the Dungeon.
You visited 1 branch of the dungeon, and saw 2 of its levels.

You collected 72 gold pieces.


Innate Abilities, Weirdness & Mutations

You have a pair of horns on your head.
You reflexively headbutt those who attack you in melee.


   Skills:
 - Level 3.6 Fighting
 + Level 4.7 Axes
 - Level 3.6 Armour
 - Level 3.6 Shields


You had 2 spell levels left.
You didn't know any spells.
Your spell library was empty.

Inventory:

Hand Weapons
 m - a +0 club
 Y - a +0 war axe (weapon)
Armour
 b - a +0 scale mail (worn)
 c - a +0 buckler (worn)
Jewellery
 a - a ring of protection from cold (left hand)
 j - a ring of ice
Scrolls
 f - a scroll of noise {unknown}
 g - a scroll of vulnerability {unknown}
 h - a scroll of magic mapping {unknown}
 i - 2 scrolls of teleportation {unknown}
Potions
 d - a potion of might
 e - a potion of curing {unknown}
 l - a potion of heal wounds {unknown}

Dungeon Overview and Level Annotations

Branches:
Dungeon (2/15)

Altars:
Uskayaw

Annotations:
D:2 Sigmund


Message History

The ball python constricts you.
Sigmund mumbles some strange words.
Sigmund flickers and vanishes!
Deactivating autopickup; reactivate with Ctrl-A.
You slash the ball python!
You kill the ball python!
The endoplasm hits you but does no damage.
You see here a ball python corpse.
You slash the endoplasm!
You kill the endoplasm!
Something hits you.
You swing at nothing.
You swing at nothing.
A magic dart appears from out of thin air!
The magic dart hits you. Something hits you!
You swing at nothing.
You swing at nothing.
You block something's attack.
You swing at nothing.
Something hits you but does no damage.
You swing at nothing.
Something hits you but does no damage.
You swing at nothing.
Something hits you.
You swing at nothing.
Something hits you but does no damage.
You swing at nothing.
Something hits you.
You swing at nothing.
Something hits you.
You swing at nothing.
A quokka comes into view.
Something hits you but does no damage.
You miss something. Something hits you.
You closely miss something. You block something's attack.
You hit something. Something hits you.
You die...

#................#
#......
#...##...........#
#......
#..[##...........#
#......
######...........#
#......
#...........#
#......
#...........#
#######
#...........#
#...........#####
#.......%@{......
##########r......
....... .......
....... ....>..
....... .......


You could see a quokka.

Vanquished Creatures
  A worm (D:2)
  2 dart slugs (D:1)
  3 ball pythons
  3 bats
  2 endoplasms
  A giant cockroach (D:2)
  4 goblins (D:1)
  5 hobgoblins (D:1)
  2 jackals (D:1)
  2 kobolds (D:2)
  4 quokkas
  2 frilled lizards (D:1)
  2 rats (D:1)
33 creatures vanquished.

Notes
Turn   | Place    | Note
-------+----------+-------------------------------------------
     0 | D:1      | qw the Minotaur Fighter began the quest for the Orb.
     0 | D:1      | Reached XP level 1. HP: 19/19 MP: 0/0
     0 | D:1      | 0 ||| qw: Version: 0.1-a-112-g44dc6cd
     0 | D:1      | 0 ||| qw: Game counter: 6779
     0 | D:1      | 0 ||| qw: Always use a shield: true
     0 | D:1      | 0 ||| qw: God list: Ru
     0 | D:1      | 0 ||| qw: Allow faded altars: false
     0 | D:1      | 0 ||| qw: Do Orc after D:15 true
     0 | D:1      | 0 ||| qw: Do second Lair branch before Depths: true
     0 | D:1      | 0 ||| qw: Lair rune preference: random
     0 | D:1      | 0 ||| qw: Plans: Normal
     0 | D:1      | 0 ||| PLANNING D:1-11
   203 | D:1      | Reached skill level 3 in Axes
   529 | D:1      | Reached XP level 2. HP: 23/26 MP: 1/1
   668 | D:1      | 668 ||| Stepping ~*~*~tactically~*~*~ (stealth).
   769 | D:1      | 769 ||| Stepping ~*~*~tactically~*~*~ (stealth).
   943 | D:1      | Reached skill level 4 in Axes
  1129 | D:1      | 1129 ||| Stepping ~*~*~tactically~*~*~ (hiding).
  1137 | D:1      | Reached XP level 3. HP: 26/31 MP: 2/2
  1331 | D:1      | 1331 ||| READING scroll labelled FEWETZ HUATU.
  1332 | D:1      | 1332 ||| READING scroll labelled SIORAD ODUHUOJ.
  1333 | D:1      | 1333 ||| READING scroll labelled EDUTRO NISU.
  1334 | D:1      | 1334 ||| READING scroll labelled EMAELESUOX.
  1334 | D:1      | Identified a scroll of acquirement
  1334 | D:1      | 1334 ||| ACQUIRING ring of protection from cold
  1334 | D:1      | Acquired a ring of protection from cold
  1336 | D:1      | 1336 ||| UPGRADING to ring of protection from cold.
  1337 | D:1      | 1337 ||| READING scroll labelled WAURUERUNI.
  1338 | D:1      | 1338 ||| READING scroll labelled PULUAFAKEWO.
  1403 | D:2      | Found a hide-covered altar of Uskayaw.
  1406 | D:2      | 1406 ||| STAIRDANCE
  1912 | D:2      | 1912 ||| Stepping ~*~*~tactically~*~*~ (stealth).
  1914 | D:2      | Noticed Sigmund
  1927 | D:2      | HP: 6/31 [something (3)]
  1931 | D:2      | HP: 2/31 [something (2)]
  1933 | D:2      | Slain by Sigmund

Levels and vault maps discovered:
D:1:      psy_arrival_spokes, layout_basic, st_stairs_1
D:2:      layout_basic, basic_altar, uniq_crazy_yiuf_cottage, uniq_sigmund

Skill      XL: |  1  2 |
---------------+-------+-----
Axes           | 3 4 |  4.7
Fighting       | |  3.6
Armour         | |  3.6
Shields        | |  3.6

Action                   || total
-------------------------++-------
Melee: War axe           ||    77
       Headbutt          ||    10
  Use: Scroll            ||     6
Armor: Scale mail        ||    33
Dodge: Dodged            ||    30
Block: Buckler           ||    19

Table legend:
 A = Non-vault XP
 B = Vault XP
 C = Vault XP percentage of total XP
 D = Non-vault monster count
 E = Vault monster count
 F = Vault count percentage of total count
                 A         B        C        D         E       F
            +---------+---------+-------+---------+---------+-------
      Total |      62 |       2 |   3.1 |      31 |       2 |   6.1
            +---------+---------+-------+---------+---------+-------
        D:1 |      43 |       2 |   4.4 |      21 |       2 |   8.7
        D:2 |      19 |       0 |   0.0 |      10 |       0 |   0.0
            +---------+---------+-------+---------+---------+-------
